Cogmind - Beta 9.5 @@@ ROGUE MODE // 2020.04.13 @ 08:14:25 Player: Nikolayag Result: Destroyed by H-55 Commando with Gauss Rifle Performance ------------- Evolutions (1) 500 Regions Visited (4) 800 Robots Destroyed (95) 475 Value Destroyed (1803) 1803 Prototype IDs (27) 540 Alien Tech Used (0) 0 Bonus (486) 486 TOTAL SCORE: 4604 Bonus ------- High Alert Combat Kills 186 Aligned with FarCom 300 Cogmind --------- Core Integrity 0/400 Matter 270/300 Energy 220/250 System Corruption 0% Temperature Cool (81) Movement Core (1000) Ox19 Location -9/Exiles Parts ------- > --- POWER (1) -------- Ion Engine > --- PROPULSION (2) --- Armored Wheel > --- UTILITY (3) ------ Large Storage Unit Large Storage Unit Large Storage Unit > --- WEAPON (3) ------- Improved EM Shotgun Improved EM Shotgun > --- INVENTORY (22) --- Light Nuclear Core Light Treads Improved Flight Unit Improved Flight Unit Improved Flight Unit Improved Flight Unit Improved Flight Unit Improved Flight Unit Cooling System Medium Storage Unit Advanced Targeting Computer Medium Armor Plating Medium Armor Plating Hacking Suite Hacking Suite Hacking Suite Hacking Suite Advanced Beam Cannon Guided Plasma Cannon Heavy Assault Rifle EMP Blaster Katana Peak State ------------ > --- POWER ------------ Ion Engine > --- PROPULSION ------- Light Treads Armored Wheel > --- UTILITY ---------- Large Storage Unit Large Storage Unit Large Storage Unit > --- WEAPON ----------- Improved EM Shotgun AWS/Thermal > --- INVENTORY -------- Light Nuclear Core Light Treads Compact Wheel Improved Flight Unit Improved Flight Unit Improved Flight Unit Improved Flight Unit Improved Flight Unit Improved Flight Unit Cooling System Medium Storage Unit Advanced Targeting Computer Medium Armor Plating Medium Armor Plating Hacking Suite Hacking Suite Hacking Suite Hacking Suite Advanced Beam Cannon Heavy Assault Rifle EMP Blaster Katana [Rating: 31] Favorites ----------- Power Improved Ion Engine Engine Improved Ion Engine Propulsion Light Treads Treads Light Treads Wheel Armored Wheel Utility Large Storage Unit Storage Large Storage Unit Processor Transport Network Coupler Protection Light Armor Plating Weapon Autogun Energy Gun Improved EM Shotgun Energy Cannon Advanced Beam Cannon Ballistic Gun Autogun Launcher EMP Blaster Build | -11 -10 -9 -9 -9 ------- Run | Scr Mat Mat Min Exi Slots Evolved 2 | . . 2 . . Power . | . . . . . Propulsion . | . . . . . Utility 1 | . . 1 . . Weapon 1 | . . 1 . . Parts Attached 58 | 7 9 38 . 4 Power 7 | 1 2 4 . . Engine 7 | 1 2 4 . . Core . | . . . . . Reactor . | . . . . . Propulsion 15 | 2 1 12 . . Treads 10 | 1 . 9 . . Leg . | . . . . . Wheel 5 | 1 1 3 . . Hover . | . . . . . Flight . | . . . . . Utility 10 | 2 2 6 . . Device . | . . . . . Storage 5 | 2 2 1 . . Processor 1 | . . 1 . . Hackware . | . . . . . Protection 4 | . . 4 . . Artifact . | . . . . . Weapon 26 | 2 4 16 . 4 Energy Gun 8 | 1 1 3 . 3 Energy Cannon 2 | . . 1 . 1 Ballistic Gun 15 | 1 3 11 . . Ballistic Cannon . | . . . . . Launcher 1 | . . 1 . . Special Weapon . | . . . . . Impact Weapon . | . . . . . Slashing Weapon . | . . . . . Piercing Weapon . | . . . . . Special Melee Weapon . | . . . . . Unidentified Prototypes 2 | . . 2 . . Parts Lost 8 | . 3 3 . 2 Power 3 | . 1 2 . . Propulsion 2 | . 1 . . 1 Utility . | . . . . . Weapon 3 | . 1 1 . 1 Highest Loss Streak 2 | . 2 1 . 2 Average Slot Usage (%) 98 | . 99 97 100 98 Engine 10 | . 13 9 11 11 Treads 12 | . 14 12 11 11 Wheel 10 | . 13 9 11 11 Storage 30 | . 28 31 33 33 Energy Gun 5 | . 1 2 33 32 Ballistic Gun 25 | . 26 30 . . Naked Turns . | . . . . . Heaviest Build 64 | 14 43 64 62 62 Greatest Support 40 | 10 20 40 12 20 Greatest Overweight (x) 5 | 1 2 5 5 5 Average Overweight (x) 3 | . 1 3 5 4 Largest Inventory Capacity 22 | 8 16 22 22 22 Average Capacity 18 | 6 12 21 22 22 Most Carried 22 | 4 16 22 22 22 Average Carried 18 | 3 10 21 22 21 Final Capacity 22 | 8 16 22 22 22 Final Carried 22 | 4 16 22 22 22 Class Distribution -------------------- 62% | Hauler-Gunner 25% | Mutant 5% | Tank 3% | Hauler-Mutant Dominant Class ---------------- Mutant | -10/Materials Hauler-Gunner | -9/Materials Hauler-Gunner | -9/Mines Hauler-Gunner | -9/Exiles Resources | -11 -10 -9 -9 -9 ----------- Run | Scr Mat Mat Min Exi Matter Collected 2316 | 280 395 1641 . . Remotely . | . . . . . Salvage Created 3174 | 105 594 2286 69 120 Parts 218 | 2 44 156 10 6 Haulers Intercepted 7 | . 1 6 . . Recyclers Shooed 3 | . 1 2 . . Parts Field Recycled . | . . . . . Retrieved Matter . | . . . . . Parts Self-Destructed . | . . . . . Prevented . | . . . . . Kills | -11 -10 -9 -9 -9 ------- Run | Scr Mat Mat Min Exi Combat Hostiles Destroyed 60 | . 11 43 4 2 Guns 58 | . 11 41 4 2 AOE 2 | . . 2 . . Classes Destroyed 13 | 2 5 5 . 1 Worker 12 | . 4 8 . . Builder 3 | . . 3 . . Tunneler 1 | 1 . . . . Hauler 7 | . 1 6 . . Recycler 6 | 1 2 3 . . Mechanic 1 | . . 1 . . Operator 1 | . . 1 . . Watcher 4 | . 2 2 . . Swarmer 26 | . 6 16 4 . Grunt 23 | . 5 18 . . Duelist 2 | . . 1 . 1 Sentry 8 | . . 8 . . Hunter 1 | . . . . 1 Best Kill Streak 9 | 2 4 9 4 2 Combat Bots Only 7 | . 3 7 4 2 Max Kills in Single Turn 3 | 1 1 2 3 1 Gunslinging 2 | . . 1 2 . Exploded 1 | . . 1 . . Melee . | . . . . . Uniques/NPCs Destroyed . | . . . . . Combat | -11 -10 -9 -9 -9 -------- Run | Scr Mat Mat Min Exi Damage Taken 2640 | . 458 1724 8 450 Core 511 | . 93 235 . 183 Absorbed by Shields . | . . . . . Core Remaining (%) 81 | 100 62 . . . Volleys Fired 206 | 10 57 131 2 6 Largest 3 | 2 2 3 3 3 Hottest 135 | 70 70 135 135 135 Shots Fired 539 | 20 113 385 6 15 Gun 537 | 20 113 383 6 15 Cannon . | . . . . . Launcher 2 | . . 2 . . Special . | . . . . . Kinetic 491 | 10 104 377 . . Thermal 19 | 10 9 . . . Explosive . | . . . . . Electromagnetic 29 | . . 8 6 15 Robot Hit Streak 37 | 3 10 37 4 10 Robot Miss Streak 5 | 3 5 5 5 5 Penetration Max . | . . . . . Secondary Targets 11 | . 1 6 2 2 Max Gunslinging Chain 2 | . 1 1 2 1 Shots Hit Robots 335 | 12 68 240 3 12 Core Hits 148 | 4 30 102 4 8 Critical Hits 8 | . 1 5 1 1 Critical Kills 5 | . 1 2 1 1 Critical Parts Destroyed 2 | . . 2 . . Melee Attacks . | . . . . . Impact . | . . . . . Slashing . | . . . . . Piercing . | . . . . . Sneak Attacks . | . . . . . Combat Hostiles . | . . . . . Follow-up Attacks . | . . . . . Damage Inflicted 4604 | 154 753 3437 55 205 Guns 4494 | 154 753 3327 55 205 Cannons . | . . . . . Explosions 110 | . . 110 . . Melee . | . . . . . Ramming . | . . . . . Kinetic 3959 | 41 693 3225 . . Thermal 173 | 113 60 . . . Explosive . | . . . . . Electromagnetic 472 | . . 212 55 205 Impact . | . . . . . Slashing . | . . . . . Piercing . | . . . . . Highest Corruption 3 | . 3 . . . Average Corruption 2 | . 2 . . . Corruption Purged . | . . . . . Effects 3 | . 3 . . . Message Errors 1 | . 1 . . . Data Loss (minor) 1 | . 1 . . . Targeting Errors 1 | . 1 . . . Overload Shots . | . . . . . Overflow Damage . | . . . . . Projectiles . | . . . . . Explosions . | . . . . . Melee . | . . . . . Knockbacks . | . . . . . Impact . | . . . . . Kinetic . | . . . . . Secondary . | . . . . . Self-Inflicted Damage . | . . . . . Shots . | . . . . . Rammed . | . . . . . Targets Rammed . | . . . . . Kicked . | . . . . . Crushed . | . . . . . Highest Temperature 233 | 160 110 233 109 193 Average Temperature 35 | 84 26 27 58 78 Received Heat Transfer 729 | . 156 531 . 42 Siege Activations . | . . . . . Robots Corrupted . | . . . . . Combat Hostiles . | . . . . . Parts Fried 2 | . . . . 2 Impact Corruptions . | . . . . . Robots Melted . | . . . . . Combat Hostiles . | . . . . . Parts Melted 1 | 1 . . . . Heat Transferred 506 | 333 173 . . . Parts Sabotaged . | . . . . . Parts Stolen . | . . . . . Parts Stripped . | . . . . . Power Chain Reactions . | . . . . . Missiles Intercepted . | . . . . . Alert | -11 -10 -9 -9 -9 ------- Run | Scr Mat Mat Min Exi Peak Influence 821 | 10 171 821 409 . Average Influence 320 | 3 66 426 407 . Maximum Alert Level 3 | . . 3 2 . Low Security (%) 37 | 100 100 12 . . Level 1 24 | . . 35 7 . Level 2 27 | . . 38 92 . Level 3 10 | . . 14 . . Level 4 . | . . . . . Level 5 . | . . . . . High Security . | . . . . . Max Security . | . . . . . Squads Dispatched 8 | . 1 7 . . Investigation 3 | . 1 2 . . Extermination . | . . . . . Reinforcement 2 | . . 2 . . Assault 3 | . . 3 . . Garrison . | . . . . . Intercept . | . . . . . Construction Impeded . | . . . . . Haulers Reinforced . | . . . . . Stealth | -11 -10 -9 -9 -9 --------- Run | Scr Mat Mat Min Exi Distress Signals 4 | . . 4 . . Communications Jammed . | . . . . . Distress Signals . | . . . . . Times Spotted 104 | . 17 80 1 6 Peak Tracking Total 6 | . 4 6 1 6 Tactical Retreats 6 | . . 5 . 1 Traps | -11 -10 -9 -9 -9 ------- Run | Scr Mat Mat Min Exi Traps Triggered 3 | . 3 . . . Indirectly . | . . . . . Trap Hack Attempts . | . . . . . Triggered . | . . . . . Disarmed . | . . . . . Reprogrammed . | . . . . . Reused . | . . . . . Traps Extracted . | . . . . . Installed . | . . . . . Triggered . | . . . . . Exploded 1 | . . . . 1 Machines | -11 -10 -9 -9 -9 ---------- Run | Scr Mat Mat Min Exi Machines Disabled 2 | . . 1 . 1 Max in Single Turn 1 | . . 1 . 1 Machines Sabotaged . | . . . . . Garrisons Compromised . | . . . . . Overloaded Fab Kills . | . . . . . Fab Network Shutdowns . | . . . . . Hacking | -11 -10 -9 -9 -9 --------- Run | Scr Mat Mat Min Exi Machines Accessed 10 | . 3 5 1 1 Terminals 8 | . 3 4 1 . Fabricators . | . . . . . Repair Stations 1 | . . 1 . . Recycling Units . | . . . . . Scanalyzers . | . . . . . Garrison Access . | . . . . . Total Hacks 25 | . 5 18 1 1 Successful 18 | . 3 13 1 1 Failed 7 | . 2 5 . . Catastrophic . | . . . . . Database Lockouts . | . . . . . Manual 14 | . 4 8 1 1 Terminals 19 | . 5 13 1 . Fabricators . | . . . . . Repair Stations 5 | . . 5 . . Recycling Units . | . . . . . Scanalyzers . | . . . . . Garrison Access . | . . . . . Terminal Hacks 11 | . 3 6 1 1 Part Schematic 1 | . 1 . . . Robot Analysis 1 | . . 1 . . Prototype ID Bank 2 | . . 2 . . Transport Status 1 | . . 1 . . Hauler Manifests 2 | . 1 1 . . Zone Layout 3 | . 1 1 1 . EX-Prototype ID Bank 1 | . . . . 1 Fabricator Hacks . | . . . . . Repair Station Hacks 3 | . . 3 . . Scan Component 2 | . . 2 . . Repair 1 | . . 1 . . Recycling Unit Hacks . | . . . . . Scanalyzer . | . . . . . Garrison Access Hacks . | . . . . . Unauthorized Hacks 8 | . . 8 . . Terminals 4 | . . 4 . . Track 2 | . . 2 . . Botnet 2 | . . 2 . . Fabricators . | . . . . . Repair Stations . | . . . . . Recycling Units . | . . . . . Scanalyzers . | . . . . . Garrison Access . | . . . . . Data Cores Recovered 1 | . . 1 . . Used 1 | . . 1 . . Hacking Detections 5 | . 2 3 . . Full Trace Events 2 | . . 2 . . Feedback Events . | . . . . . Feedback Blocked . | . . . . . Robot Schematics Acquired . | . . . . . Robots Built . | . . . . . Matter . | . . . . . Time . | . . . . . Total Robot Build Rating . | . . . . . Part Schematics Acquired 1 | . 1 . . . Parts Built . | . . . . . Matter . | . . . . . Time . | . . . . . Total Part Build Rating . | . . . . . Parts Repaired 1 | . . 1 . . Time 44 | . . 44 . . Parts Recycled . | . . . . . Recycled Matter . | . . . . . Retrieved Matter . | . . . . . Retrieved Components . | . . . . . Parts Scanalyzed . | . . . . . Part Schematics Acquired . | . . . . . Parts Damaged . | . . . . . Bothacking | -11 -10 -9 -9 -9 ------------ Run | Scr Mat Mat Min Exi Used RIF Installer . | . . . . . Robots Hacked . | . . . . . Non-combat . | . . . . . Combat . | . . . . . Robot Hacks Applied . | . . . . . Relay Couplers Released . | . . . . . Robots Rewired . | . . . . . Allies Hacked . | . . . . . Hacks Repelled . | . . . . . Allies | -11 -10 -9 -9 -9 -------- Run | Scr Mat Mat Min Exi Total Allies . | . . . . . Largest Group . | . . . . . Highest-Rated Group . | . . . . . Highest-Rated Ally . | . . . . . Total Orders . | . . . . . Ally Attacks . | . . . . . Total Damage . | . . . . . Kills . | . . . . . Allies Corrupted . | . . . . . Allies Melted . | . . . . . Intel | -11 -10 -9 -9 -9 ------- Run | Scr Mat Mat Min Exi Robot Analysis Total 1 | . . 1 . . Derelict Logs Recovered 1 | . . . 1 . Drone Launches . | . . . . . Drone Recoveries . | . . . . . Exploration | -11 -10 -9 -9 -9 ------------- Run | Scr Mat Mat Min Exi Turns Passed 4098 | 97 960 2533 55 453 Spaces Moved 2076 | 63 507 1220 35 251 Core 1 | 1 . . . . Treads 442 | . 279 91 . 72 Legs . | . . . . . Wheels 1633 | 62 228 1129 35 179 Hover . | . . . . . Flight . | . . . . . Fastest Speed 50 | 50 90 120 140 130 Average Speed 140 | 83 146 136 140 162 Slowest Speed 220 | 90 200 200 140 220 Overloaded Moves . | . . . . . Propulsion Burnouts . | . . . . . Robots Hopped . | . . . . . Cave-ins Triggered . | . . . . . Exploration Rate (%) 37 | 4 61 72 10 42 Regions Visited 4 Branch Regions 2 Pre-discovered Areas 1 | . . . 1 . Known Exits Taken . | . . . . . Unknown Exits Taken 4 | 1 1 1 1 . Scrap Searched . | . . . . . Spaces Dug . | . . . . . Terrain Destroyed . | . . . . . Melee . | . . . . . Projectile . | . . . . . AOE . | . . . . . Actions | -11 -10 -9 -9 -9 --------- Run | Scr Mat Mat Min Exi Total 2895 | 85 636 1854 36 284 Wait 450 | 2 31 400 . 17 Move 2072 | 62 506 1219 34 251 Hop . | . . . . . Pick Up 53 | 4 21 27 . 1 Fast Attach 23 | 7 1 11 . 4 Attach 8 | . 3 5 . . Detach 1 | . . 1 . . Swap 27 | . 5 22 . . Drop 55 | . 12 38 . 5 Fire 206 | 10 57 131 2 6 Melee . | . . . . . Ram . | . . . . . Kick . | . . . . . Crush . | . . . . . Escape Stasis . | . . . . . Rewire . | . . . . . Trap . | . . . . . Miscellaneous . | . . . . . Route ------- -11/Scrapyard -10/Materials (discovered 4 exits: *Mat x3 / [*Min]) -9/Materials (discovered 4 exits: [*Mat x3] / *Min) -9/Mines -9/Exiles History --------- Turn | Location | Event 8 | -11/Scrapyard | Discovered new exit (range 16) 98 | -11/Scrapyard | Entered Materials 267 | -10/Materials | Discovered new exit (range 16) 317 | -10/Materials | Build established: Mutant 461 | -10/Materials | Discovered new exit (range 17) 716 | -10/Materials | Discovered new exit (range 8) 1012 | -10/Materials | Discovered new exit (range 16) 1058 | -10/Materials | Entered another Materials area 1058 | -9/Materials | Evolved 2 slots: Utility x1, Weapon x1 1524 | -9/Materials | Discovered new exit (range 10) 1718 | -9/Materials | Build established: Hauler-Gunner 1794 | -9/Materials | Discovered new exit (range 16) 2168 | -9/Materials | Discovered new exit (range 11) 2547 | -9/Materials | Repaired Broken Hvy. Assault Rifle? 2778 | -9/Materials | Discovered new exit (range 16) 3058 | -9/Materials | First assault squad dispatched 3138 | -9/Materials | Core integrity fell below 50% 3212 | -9/Materials | Destroyed 7 combat bots 3591 | -9/Materials | Entered Mines 3605 | -9/Mines | Discovered new exit (range 10) 3616 | -9/Mines | Learned location of Zion (-6) 3640 | -9/Mines | Deemed a non-threat by the Exiles lab entrance 3646 | -9/Mines | Entered Exiles 3688 | -9/Exiles | Met 8R-AWN 3705 | -9/Exiles | Met EX-HEX 3753 | -9/Exiles | Met EX-BIN 3772 | -9/Exiles | Aligned with FarCom system 3774 | -9/Exiles | Given EX-Vault access code 3807 | -9/Exiles | Opened EX-Vault 3818 | -9/Exiles | Found AWS/Thermal 3828 | -9/Exiles | Found Gui. Plasma Cannon 3886 | -9/Exiles | Warned to stay clear of 0b10 Research branches 3889 | -9/Exiles | Exiles lab attacked by MAIN.C 4090 | -9/Exiles | Core integrity fell below 20% 4099 | -9/Exiles | Destroyed by H-55 Commando with Gauss Rifle Last Messages --------------- 04071_ Penetrated by Slug. 04071_ FarCom Aligner disabled. 04074_ Penetrated by Slug. 04074_ BIN's Workstation disabled. 04076_ Melee Analysis Suite fried. 04076_ Katana fried. 04076_ L-31 Rogue destroyed. 04076_ Switching to secondary target: G-34 Mercenary. 04077_ Penetrated by Slug. 04077_ Slug penetrates Wall. 04080_ Imp. EM Shotgun destroyed. 04080_ Slug penetrates G-34 Mercenary. 04083_ Penetrated by Slug. 04089_ Slug penetrates BIN's Workstation. 04090_ H-55 Commando suffers critical hit. 04090_ H-55 Commando destroyed. 04090_ Switching to secondary target: G-34 Mercenary. 04092_ Penetrated by Slug. 04098_ Lgt. Treads destroyed. 04099_ Penetrated by Slug. Map ----- +----------------------------------------------------+ | ?????????????# #???####??????????????????????? | | ?????????????# #??"""""??????????????????????? | | ?????????????# ## """#?????????????????????? | | ?????????????# X""#?????????????????????? | | ?????????????# ## """#?????????????????????? | | ???????####??# #??"""""??????????????????????? | | ???????"""""?# #???####??????????????????????? | | ??????"""" ## #?????????????????????????????? | | ?????#""X" #?????????????????????????????? | | ?????#" #?????????????????????????????? | | ?????#" ## #?????????????????????????????? | | ?????#""""""?# #?#########???????????????????? | | ?????##"###??# #?#"""""""#???????????????????? | | ?????????????# #?#"""""""#???????????????????? | | ?????????????# #?#"""""""#???????????????????? | | ????????????## ###"" """"#???????????????????? | | ????????????#" """"#???????????????????? | | ????????????#" """#???????????????????? | | ????????????#" " "#???????????????????? | | ????????????#" ""#???????????????????? | | ????????????#" ""#???????????????????? | | ????????????#" """## ?????????????????? | | ????????????## =gh """"?????????????????? | | ?????????????# = *h[ """######??????????????? | | ?????????????# =% X """"" #??????????????? | | ?????????????#" """@ # "?????????????????? | | ?????????????#" """" ""#???????????????????? | | ????????????## ###########???????????????????? | | ???????????##"" #?????????????????????????????? | | ?????????###"" #?????????????????????????????? | | ?????????""""" ##????????????????????????????? | | ???????"" " "" ##????#####?##???????????????? | | ???????"" " #####"""""""""##????????????? | | ?????? " " """ """"#????????????? | | ???? "" " ????????????? | | ??? " """#???????????? | | ???? " "#???????????# | | ???? " "##?????????## | | ???? !%| ""###???????#" | | ???? """""" """#??????##" | | ????? ######""" "#????### | | ????? ""#?????#####""" ##???# | | ???????????????????##""" ##?## | | ????????????????????#"""" ### | | ???????????????????##"" | | ???????????????????#"""" # | | ?????????????????""" ""# | | ????????????????"" #"""## | | ?????????????? ######? | | ????????????? ##?????? | +----------------------------------------------------+ Best States ------------- Heat Dissipation 28 Energy Generation 12 Energy Capacity 265 Matter Stores 300 Matter Capacity 300 Sight Range 16 Terrain Scan Density 10 Armor Coverage 225 Evasion (%) 44 Recoil Reduction 2 Item Schematics ----------------- Hcp. Storage Unit | -10/Materials | Hacked Robot Schematics ------------------ None Fabricated ------------ Nothing Alien Tech Used ----------------- None Achievements -------------- None Challenges ------------ None Game ------ Seed ShadeDimensionalCapacitor Manual? 0 Play Time 00:33:58 Cumulative 254.1 hours Start 2020.04.12 @ 11:50:02 End 2020.04.13 @ 08:14:25 Sessions 3 Manual Loads 0 Difficulty Rogue Special Mode None Game No. 195 Rogue 195 Adventurer 0 Explorer 0 Win Type - Total 5 Types 5/0/0/0/0/0/0 Lore% 74 Gallery% 85 Achievement% 67 Wizard Run 0 Options --------- ASCII 0 Keyboard 1 Movement Numpad Keybinds 0 Fullscreen 2 Font 18/SmallcapsGlow Map View 76x50 Tactical HUD 1 Map Filters NONE Filters NONE Steam X RUN: 1edc635a-dab8-4c62-a03e-8a9964ff5ed9